 Dungeon Crawl Stone Soup version 0.21-a0-584-g185da8e (webtiles) character file.

28 vishdafish the Charmwright (level 2, -3/22 HPs)
             Began as a Demonspawn Skald on Dec 20, 2017.
             Slain by an adder (4 damage)
             ... on level 1 of the Dungeon.
             The game lasted 00:02:12 (1177 turns).

vishdafish the Charmwright (Demonspawn Skald)       Turns: 1177, Time: 00:02:12

Health: -3/22      AC:  3    Str: 11    XL:     2   Next: 96%
Magic:  5/5        EV: 14    Int: 14    God:
Gold:   34         SH:  3    Dex: 12    Spells: 4/5 levels left

rFire    . . .     SeeInvis .   a - +0 spear
rCold    . . .     Gourm    .   (no shield)
rNeg     . . .     Faith    .   b - +0 leather armour
rPois    .         Spirit   .   (no helmet)
rElec    .         Reflect  +   (no cloak)
rCorr    .         Harm     .   (no gloves)
MR       .....                  (no boots)
Stlth    +.........             e - +3 amulet of reflection
HPRegen  0.07/turn              (no ring)
MPRegen  0.09/turn              (no ring)

@: lethally poisoned (-3 -> -7), about to teleport
A: repulsion field 1
a: no special abilities


You were on level 1 of the Dungeon.
You were hungry.

You visited 1 branch of the dungeon, and saw 2 of its levels.

You collected 34 gold pieces.

Inventory:

Hand Weapons
 a - a +0 spear (weapon)
Armour
 b - a +0 leather armour (worn)
Jewellery
 e - a +3 amulet of reflection (around neck)
Scrolls
 h - a scroll of noise {unknown}
 i - a scroll of fear {unknown}
Books
 c - a book of Battle

   Spells                             Type                      Level
   a - Infusion                       Charms                       1
   b - Shroud of Golubria             Charms/Translocation         2
   c - Song of Slaying                Charms                       2
   d - Spectral Weapon                Hexes/Charms                 3
   e - Regeneration                   Charms/Necromancy            3
Comestibles
 d - a ration


   Skills:
 - Level 2.0 Fighting
 * Level 2.5 Polearms
 - Level 1.0 Armour
 + Level 2.1 Dodging
 - Level 2.0 Spellcasting
 + Level 3.0 Charms


You had 4 spell levels left.
You knew the following spells:

 Your Spells              Type           Power        Failure   Level  Hunger
a - Infusion              Chrm           #...         9%          1    ##.....


Dungeon Overview and Level Annotations

Branches:
Dungeon (2/15)

Altars:


Innate Abilities, Weirdness & Mutations

You are surrounded by a mild repulsion field. (EV +2)


Message History

* * * LOW HITPOINT WARNING * * *
You feel sick.
* * * LOW HITPOINT WARNING * * *
You feel sick. The giant cockroach bites you.
* * * LOW HITPOINT WARNING * * *
The giant cockroach misses you. The adder closely misses you.
You aren't carrying any potions.
You aren't carrying any potions.
As you read the scroll labeled OMEX HIEKE, it crumbles to dust.
You feel momentarily disoriented.
It was a scroll of magic mapping.
* * * LOW HITPOINT WARNING * * *
You feel sick. The adder completely misses you. You block the adder's attack.
You aren't carrying any potions.
As you read the scroll labeled ADOPOKKELEH, it crumbles to dust.
You feel strangely unstable.
It was a scroll of teleportation.
* * * LOW HITPOINT WARNING * * *
You feel sick. The adder bites you.
You die...

## ########## #.
#..÷.....###############.
###>....S...÷..........(.
#.####g###############. #.#
#s# #) ######## #.# #S#
###### #. #......# #.# #@#
#....# #. ##.###.###'####.#
#....# #. #.#
#.#......#.#####....#######
#.#
#.#......'.....'....'......
#.#
#.#......#.#####....#######
#.# #.#......#.# #....# #.#
#.#.....##.# ###### #.#
#.#.....##.# #.#
#.#.....##.#########


You could see 2 adders, a giant cockroach and a hobgoblin.

Vanquished Creatures
  A worm (D:1)
  A leopard gecko (D:1)
  4 bats (D:1)
  A giant cockroach (D:1)
  3 goblins (D:1)
  3 hobgoblins (D:1)
  2 kobolds (D:1)
  A frilled lizard (D:1)
  9 rats
25 creatures vanquished.

Notes
Turn   | Place    | Note
-------+----------+-------------------------------------------
     0 | D:1      | vishdafish the Demonspawn Skald began the quest for the Orb.
     0 | D:1      | Reached XP level 1. HP: 16/16 MP: 3/3
   147 | D:1      | Reached skill level 1 in Armour
   220 | D:1      | Gained mutation: You are surrounded by a mild repulsion field. (EV +2) [demonic ancestry]
   220 | D:1      | Reached XP level 2. HP: 21/22 MP: 5/5
   922 | D:2      | Reached skill level 3 in Charms
  1177 | D:1      | HP: 1/22 [poisoned by an adder]
  1177 | D:1      | Slain by an adder

Vault maps used:
D:1:      scummos_arrival_star, st_stairs_1
D:2:      grunt_gozag_breadcrumbs

Skill      XL: |  1  2 |
---------------+-------+-----
Armour         | 1 |  1.0
Polearms       | 2 |  2.5
Dodging        | 2 |  2.1
Charms         | 3 |  3.0
Fighting       | |  2.0
Spellcasting   | |  2.0

Action                   || total
-------------------------++-------
Melee: Spear             ||   107
 Cast: Infusion          ||     2
  Use: Scroll            ||     2
 Stab: Sleeping          ||     1
Armor: Leather armour    ||    17
Dodge: Dodged            ||    72
Block: Other             ||    20

Table legend:
 A = Spawn XP
 B = Non-spawn XP
 C = Spawn XP percentage of total XP
 D = Spawn monster count
 E = Non-spawn monster count
 F = Spawn count percentage of total count
 G = Total turns spent on level
                    A         B        C        D         E        F      G
               +---------+---------+-------+---------+---------+-------+---------
         Total |       0 |      40 |   0.0 |       0 |      25 |   0.0 |  1177
               +---------+---------+-------+---------+---------+-------+---------
           D:1 |       0 |      39 |   0.0 |       0 |      24 |   0.0 |  1110
           D:2 |       0 |       1 |   0.0 |       0 |       1 |   0.0 |    67
               +---------+---------+-------+---------+---------+-------+---------
